 Dungeon Crawl Stone Soup version 0.17-a0-1949-g1acca9a (webtiles) character file.

319 Ordine the Cruncher (level 6, -1/50 HPs)
             Began as a Minotaur Gladiator on Oct 2, 2015.
             Slain by an adder (5 damage)
             ... on level 4 of the Dungeon.
             The game lasted 00:05:15 (1980 turns).

Ordine the Cruncher (Minotaur Gladiator)            Turns: 1980, Time: 00:05:15

Health: -1/50      AC:  4    Str: 20    XL:     6   Next: 21%
Magic:  5/5        EV: 12    Int:  5    God:
Gold:   147        SH:  0    Dex: 12    Spells: 0 memorised, 5 levels left

rFire  x . .     SeeInvis .     a - +1 quarterstaff
rCold  + . .     Clarity  .     b - +1 leather armour
rNeg   . . .     SustAt   .     (no shield)
rPois  .         Gourm    .     c - +0 hat
rElec  .         Spirit   .     (no cloak)
rCorr  .         Warding  .     (no gloves)
rMut   +         Stasis   .     (no boots)
MR     .....                    i - amulet of resist mutation
Stlth  +.........               (no ring)
                                j - ring of ice

@: not resistant to hostile enchantments, very unstealthy
A: retaliatory headbutt, horns 2
a: no special abilities


You were on level 4 of the Dungeon.
You were not hungry.

You visited 1 branch of the dungeon, and saw 4 of its levels.

You collected 147 gold pieces.

Inventory:

Hand weapons
 a - a +1 quarterstaff (weapon)
Missiles
 d - 3 throwing nets (quivered)
Armour
 b - a +1 leather armour (worn)
 c - a +0 hat (worn)
Jewellery
 i - an amulet of resist mutation (around neck)
 j - a ring of ice (left hand)
Scrolls
 k - a scroll of teleportation
 n - a scroll of remove curse
Potions
 g - a potion of brilliance
Comestibles
 f - a meat ration


   Skills:
 - Level 2.4 Fighting
 + Level 8.5 Staves
 - Level 2.0 Throwing
 - Level 3.2 Dodging


You had 5 spell levels left.
You didn't know any spells.

Dungeon Overview and Level Annotations

Branches:
Dungeon (4/15)
 Temple: D:4-7

Altars:

Annotations:
D:3 Ordine's ghost, average MiGl


Innate Abilities, Weirdness & Mutations

You reflexively headbutt those who attack you in melee.
You have a pair of horns on your head.


Message History

The adder bites you.
* * * LOW HITPOINT WARNING * * *
Ordine's ghost whispers, "There is no future for you."
Ordine's ghost hits you.
* * * LOW HITPOINT WARNING * * *
The adder bites you.
* * * LOW HITPOINT WARNING * * *
You climb downwards.
There is a stone staircase leading up here.
You are too injured to fight recklessly!
You are too injured to fight recklessly!
You are too injured to fight recklessly!
You are too injured to fight recklessly!
You closely miss the adder. The adder misses you.
You closely miss the adder. The adder closely misses you.
The adder closely misses you.
You barely miss the adder. The adder bites you.
* * * LOW HITPOINT WARNING * * *
You miss the adder. The adder bites you.
You die...

## ..###
##...##
#.....#
#.....#
#.....#
#S@.#
#.#....#
#.
.....#
#.
##.#.#
#. .....
#. #>##
.. .# #.
.


You could see an adder.

Vanquished Creatures
  Grinder (D:3)
  A jelly (D:3)
  4 adders
  An orc (D:3)
  2 ball pythons
  5 giant cockroaches
  5 hobgoblins
  8 jackals
  5 bats
  6 giant newts
  5 goblins
  7 kobolds
  11 rats
61 creatures vanquished.

Notes
Turn   | Place    | Note
--------------------------------------------------------------
     0 | D:1      | Ordine the Minotaur Gladiator began the quest for the Orb.
     0 | D:1      | Reached XP level 1. HP: 18/18 MP: 0/0
    88 | D:1      | Reached skill level 4 in Staves
   198 | D:1      | Reached XP level 2. HP: 16/25 MP: 1/1
   616 | D:2      | Reached skill level 5 in Staves
   616 | D:2      | Reached XP level 3. HP: 30/30 MP: 2/2
  1316 | D:3      | Reached skill level 6 in Staves
  1316 | D:3      | Reached XP level 4. HP: 34/37 MP: 3/3
  1428 | D:3      | Noticed Grinder
  1439 | D:3      | Killed Grinder
  1439 | D:3      | Reached skill level 8 in Staves
  1439 | D:3      | Reached XP level 5. HP: 22/42 MP: 4/4
  1439 | D:3      | Reached XP level 6. HP: 26/50 MP: 5/5
  1526 | D:3      | Noticed Ordine's ghost (average MiGl)
  1980 | D:4      | Slain by an adder

Vault maps used:
D:1:      dpeg_arrival_boxes_within_box, st_stairs_5, kennysheep_another_room
D:2:      minmay_fountain_box
D:3:      uniq_grinder

Action                   |  1- 3 |  4- 6 || total
-------------------------+-------+-------++-------
Melee: Quarterstaff      |    75 |    53 ||   128
  Use: Scroll            |    10 |     1 ||    11
       Potion            |       |     2 ||     2
  Eat: Chunk             |     1 |     1 ||     2
       Bread ration      |       |     1 ||     1
